 Dungeon Crawl Stone Soup version 0.28-a0-984-g3775c662fe (webtiles) character file.

Game seed: 16564117046090138973

120174 siradein the Warrior (level 16, -15/142 HPs)
             Began as a Demonspawn Fighter on Dec 3, 2021.
             Was an Initiate of Gozag.
             Killed from afar by Nikola (23 damage)
             ... with an arc of chain lightning
             ... on level 2 of the Swamp.
             The game lasted 02:05:15 (33460 turns).

siradein the Warrior (Demonspawn Fighter)          Turns: 33460, Time: 02:05:16

Health: -15/142    AC: 38    Str: 22    XL:     16   Next: 29%
Magic:  16/16      EV:  7    Int: 12    God:    Gozag
Gold:   2005       SH: 15    Dex: 12    Spells: 15/15 levels left

rFire   + . .      SeeInvis +   G - +6 mace "Dolotus" {drain, rElec Str-4 Int+3}
rCold   . . .      Faith    .   c - +3 buckler {AC+3}
rNeg    . . .      Spirit   .   o - +6 plate armour {rF+}
rPois   +          Reflect  +   m - +2 helmet {SInv}
rElec   +          Harm     .   (cloak unavailable)
rCorr   .          Rampage  +   y - +1 pair of gloves {Stlth+}
Will    +....                   l - +2 pair of boots {rampage}
Stlth   ..........              g - amulet of reflection
HPRegen 0.33/turn               P - +4 ring of slaying
MPRegen 0.15/turn               H - ring of poison resistance

@: studying Armour
A: molten scales 2, demonic guardian 2, powered by death 2, weakness stinger 3
a: Renounce Religion, Potion Petition, Call Merchant, Bribe Branch


You were on level 2 of the Swamp.
You worshipped Gozag.
Gozag was most pleased with you.
You visited 5 branches of the dungeon, and saw 26 of its levels.
You also visited: Ossuary and Bailey.

You collected 9755 gold pieces.
You spent 3969 gold pieces at shops.
You paid 3781 gold pieces to Gozag.

Inventory:

Hand Weapons
 F - the +8 mithril axe "Arga" {speed, Will+}
   (You acquired it on level 15 of the Dungeon)

   Attacks with this weapon are significantly faster.
   Will:      It increases your willpower.
 G - the +6 mace "Dolotus" (weapon) {drain, rElec Str-4 Int+3}
   (You found it on level 7 of the Dungeon)

   A truly terrible weapon, it drains the life of any living foe it strikes.
   Str:       It affects your strength (-4).
   Int:       It affects your intelligence (+3).
   rElec:     It insulates you from electricity.
 W - a +4 broad axe of electrocution
 X - a +4 broad axe of venom
Missiles
 e - 7 throwing nets (quivered)
Armour
 c - a +3 buckler of protection (worn)
 l - a +2 pair of boots of rampaging (worn)
 m - a +2 helmet of see invisible (worn)
 o - a +6 plate armour of fire resistance (worn)
 y - a +1 pair of gloves of stealth (worn)
Jewellery
 d - a ring of protection from fire
 g - an amulet of reflection (around neck)
 A - a ring of flight
 E - a ring of ice
 H - a ring of poison resistance (right hand)
 N - a ring of resist corrosion
 P - a +4 ring of slaying (left hand)
 R - a ring of protection from cold
Wands
 h - a wand of acid (6)
 p - a wand of flame (64)
 q - a wand of digging (3)
 u - a wand of iceblast (29)
 w - a wand of charming (22)
 S - a wand of polymorph (11)
 V - a wand of mindburst (20)
Scrolls
 k - 11 scrolls of teleportation
 s - 4 scrolls of fog
 t - 3 scrolls of fear
 D - 3 scrolls of magic mapping
 I - 2 scrolls of silence
 J - a scroll of immolation
 O - a scroll of holy word
 Z - a scroll of summoning
Potions
 a - 6 potions of brilliance
 b - 2 potions of invisibility
 f - 2 potions of resistance
 j - 3 potions of mutation
 n - 7 potions of curing
 r - 4 potions of ambrosia
 v - 3 potions of lignification
 x - 4 potions of magic
 z - 2 potions of haste
 B - 4 potions of heal wounds {unknown}
 L - 2 potions of cancellation {unknown}
 M - 4 potions of attraction {unknown}
 Q - 4 potions of degeneration {unknown}
 T - 2 potions of might
Miscellaneous
 C - a phial of floods
 K - a lightning rod (4/4)


   Skills:
 + Level 17.6 Fighting
 + Level 13.9 Axes
 + Level 14.5 Armour
 + Level 13.9 Shields
 + Level 5.3 Evocations


You had 15 spell levels left.
You didn't know any spells.
Your spell library contained the following spells:

 Spells                   Type           Power      Damage    Failure   Level
 Apportation              Tloc           0%         N/A       97%         1
 Freeze                   Ice            0%         1d3       97%         1
 Pain                     Necr           0%         1d4       97%         1
 Slow                     Hex            0%         N/A       97%         1
 Sting                    Tmut/Pois      0%         1d3       97%         1
 Ensorcelled Hibernation  Hex/Ice        0%         N/A       99%         2
 Poisonous Vapours        Pois/Air       0%         N/A       99%         2
 Gell's Gravitas          Tloc           0%         N/A       100%        3
 Lesser Beckoning         Tloc           0%         N/A       100%        3
 Spider Form              Tmut/Pois      0%         N/A       100%        3
 Teleport Other           Tloc           0%         N/A       100%        3
 Tukima's Dance           Hex            0%         N/A       100%        3
 Cause Fear               Hex            0%         N/A       100%        4
 Leda's Liquefaction      Hex/Erth       0%         N/A       100%        4
 Olgreb's Toxic Radiance  Pois           0%         N/A       100%        4
 Summon Ice Beast         Ice/Summ       0%         N/A       100%        4
 Agony                    Necr           0%         N/A       100%        5
 Alistair's Intoxication  Tmut/Pois      0%         N/A       100%        5
 Excruciating Wounds      Necr           0%         N/A       100%        5
 Metabolic Englaciation   Hex/Ice        0%         N/A       100%        5
 Summon Mana Viper        Hex/Summ       0%         N/A       100%        5
 Dispersal                Tloc           0%         N/A       100%        6
 Dragon Form              Tmut           0%         N/A       100%        7
 Monstrous Menagerie      Summ           0%         N/A       100%        7
 Ozocubu's Refrigeration  Ice            0%         4d5       100%        7
 Ignition                 Fire           0%         3d3       100%        8
 Dragon's Call            Summ           0%         N/A       100%        9


Dungeon Overview and Level Annotations

Branches:
Dungeon (15/15)            Temple (1/1) D:7            Lair (6/6) D:8
  Swamp (2/4) Lair:3        Snake (0/4) Lair:3        Slime (0/5) Lair:6
    Orc (2/2) D:9             Elf (0/3) Orc:2        Vaults (0/5) D:13
 Depths (0/4) D:15        Ossuary (visited)          Bailey (visited)

Altars:
Ashenzari
Cheibriados
Dithmenos
Elyvilon
Fedhas
Gozag
Hepliaklqana
Kikubaaqudgha
Makhleb
Nemelex Xobeh
Okawaru
Qazlal
Ru
Sif Muna
Trog
Uskayaw
Vehumet
Wu Jian
Xom
Yredelemnul
Zin
The Shining One
Beogh
Jiyva
Lugonu

Shops:
D:7 =   D:9 :   D:12 [   D:14 *   Orc:2 =*?[(   Lair:1 (   Lair:4 [

Portals:
Abyss: Lair:6

Annotations:
D:12 1 runed translucent door
Lair:4 2 transporters, ryw's ghost, journeyman HuBr
Swamp:2 Nikola


Innate Abilities, Weirdness & Mutations

You are mostly covered in molten scales. (AC +3)
A demonic guardian rushes to your aid.
You regenerate health from kills.
You have a sharp stinger which inflicts weakening toxins.


Message History

You hit Nikola.
Nikola is severely wounded.
Nikola casts a spell.
Nikola blinks!
Unknown command.
You closely miss the hornet.
The hornet is almost dead.
Nikola gestures wildly while chanting.
Lightning arcs from Nikola's hands!
The bolt of lightning hits the hornet!!!!
The hornet dies!
A bolt of lightning appears from out of thin air!
The bolt of lightning hits you!! You resist.
* * * LOW HITPOINT WARNING * * *
The bolt of lightning hits the bloated husk!!!
The bolt of lightning hits Nikola!
The bloated husk explodes!
The blast of putrescent gases engulfs you!!
* * * LOW HITPOINT WARNING * * *
A demonic guardian appears!
The blast of putrescent gases engulfs Nikola!!
Okay, then.
Blink to where?
Press: ? - help, Dir - move target
As you read the scroll of blinking, it crumbles to dust.
You enter the shallow water.
Moving in this stuff is going to be slow.
You see here 22 arrows.
Nikola gestures wildly while chanting.
Lightning arcs from Nikola's hands!
The bolt of lightning hits your smoke demon!!!
Your smoke demon dies!
Your smoke demon disappears in a puff of smoke!
You hear an angry buzzing noise. x2
There is a stone staircase leading up here.
Nikola mumbles some strange words.
Lightning arcs from Nikola's hands!
The bolt of lightning hits you!! You resist.
You die...
Your body crumbles into a pile of gold.

≈≈>≈..≈....≈.. ..
♣≈.≈≈≈≈≈≈.≈≈. ♣.
♣≈≈≈≈≈≈≈≈≈≈≈ .
♣...≈≈≈≈≈≈≈≈
.♣♣♣.≈≈.≈≈♣≈≈≈.
♣.♣♣.≈...≈≈≈≈≈≈
♣.♣♣.§.≈≈≈..≈..
♣.♣≈≈≈.≈.≈≈.♣♣♣
♣@..≈≈.≈≈≈.♣♣
♣≈≈.(..≈.≈§.♣
♣♣≈≈≈≈@≈.≈≈≈♣♣
♣.≈≈≈.≈≈≈.♣≈§♣♣
♣..♣≈≈.≈≈≈.≈.≈>♣
♣♣♣♣.≈.≈≈≈..≈≈.♣♣
♣
♣♣>♣.≈≈≈.≈≈♣..♣♣.
♣≈≈§.≈≈≈.≈§≈.....
♣♣≈♣.♣≈≈.≈§≈.$...


You could see Nikola (weak, drained).

Vanquished Creatures
  Gastronok (D:8)
  2 orc warlords (Orc:1)
  Azrael (Orc:2)
  A bunyip (Swamp:2)
  A fire dragon (D:15)
  2 boulder beetles (D:15)
  Josephine (D:12)
  13 hydras
  An ice dragon (D:15)
  3 ogre magi
  3 catoblepae
  10 two-headed ogres
  6 centaur warriors
  3 death knights
  A ghost crab (Swamp:2)
  5 alligators (Swamp:1)
  3 tengu warriors
  An orc high priest (Orc:2)
  2 thrashing horrors (Lair:6)
  Nergalle (Orc:1)
  A shadow wraith (D:13)
  2 skeletal warriors (D:15)
  2 goliath frogs (Swamp:1)
  2 swamp dragons
  3 bog bodies
  A lindwurm (Lair:5)
  2 deep elf pyromancers
  5 orc knights
  4 ugly things
  4 orc sorcerers
  3 manticores
  7 cyclopes
  13 elephants
  2 gargoyles
  A torpor snail (Lair:4)
  2 smoke demons (Lair:6)
  4 black mambas
  2 unseen horrors (D:12)
  3 rime drakes
  An unseen horror (shapeshifter) (D:14)
  15 cane toads
  10 komodo dragons
  An ancient zyme (Lair:6)
  2 ice devils (D:12)
  3 tengu conjurers
  2 freezing wraiths
  A troll (shapeshifter) (Lair:6)
  2 trolls
  A tyrant leech (Swamp:1)
  6 hornets (Swamp:1)
  A jumping spider (shapeshifter) (D:15)
  23 blink frogs
  11 slime creatures
  Grinder (D:3)
  12 dream sheep
  2 blink frogs (shapeshifter)
  Sigmund (D:2)
  10 spriggans
  A ynoxinul (Lair:6)
  A redback (D:12)
  3 large abominations (Lair:6)
  5 wraiths (D:12)
  2 wyverns (Lair:6)
  69 yaks
  3 fire elementals (Orc:2)
  6 basilisks
  A chaos spawn (Lair:6)
  3 steam dragons
  4 wargs
  5 swamp worms (Swamp:1)
  2 vampire mosquitoes (D:12)
  4 acid dragons
  4 nagas
  13 water moccasins
  Duvessa (D:5)
  4 hell hounds (Orc:2)
  2 sky beasts (D:7)
  34 orc warriors
  A swamp drake (Swamp:1)
  3 black bears
  3 ice beasts (D:8)
  4 boggarts (D:14)
  A necrophage (D:4)
  9 ogres
  11 centaurs
  19 wolves
  2 phantoms
  Blork the orc (Orc:2)
  3 kobold brigands
  5 bullfrogs
  2 gnoll sergeants
  12 small abominations (Lair:6)
  A scorpion (D:7)
  5 water moccasin zombies (Ossuary)
  Dowan (D:5)
  14 killer bees
  17 wights
  5 electric eels
  A howler monkey (D:12)
  2 bullfrog zombies
  3 centaur zombies
  5 hounds
  15 orc priests
  Crazy Yiuf (D:7)
  2 centaur skeletons
  2 gnoll shamans
  2 jellies (D:6)
  A bullfrog skeleton (D:6)
  An iguana (D:6)
  30 orc wizards
  A hound skeleton (D:5)
  2 mummies (Ossuary)
  A howler monkey zombie (D:8)
  22 gnolls
  A howler monkey skeleton (D:6)
  3 adders
  5 white imps
  7 adder zombies (Ossuary)
  A worm (D:5)
  2 dart slugs
  65 orcs
  9 endoplasms
  2 giant cockroaches (D:2)
  A gnoll zombie (Ossuary)
  14 goblins
  8 hobgoblins
  3 jackals (D:1)
  32 kobolds
  6 quokkas
  7 ball pythons
  3 bats
  3 frilled lizards (D:1)
  4 hobgoblin zombies (Ossuary)
  6 kobold zombies (Ossuary)
  4 orc zombies (Ossuary)
  6 rats
798 creatures vanquished.

Vanquished Creatures (collateral kills)
  2 hydras
  An orc knight (Orc:2)
  3 ugly things (D:14)
  A tyrant leech (Swamp:1)
  3 yaks
  2 small abominations (Lair:6)
  A bullfrog (Lair:1)
  A water moccasin zombie (Ossuary)
  A killer bee (D:7)
  A jelly (D:4)
  A gnoll (D:4)
  A howler monkey skeleton (D:5)
  An orc (D:7)
  A kobold (D:3)
  A butterfly (Lair:5)
21 creatures vanquished.

Vanquished Creatures (others)
  An eleionoma (Swamp:2)
  3 spriggans (Swamp:2)
  A wizard (D:12)
  4 bloated husks
  4 hornets
  A swamp worm (Swamp:2)
  An orc (Orc:2)
  A goblin (D:12)
  A kobold (D:9)
  18 fungi
  45 plants
80 creatures vanquished.

Grand Total: 899 creatures vanquished

Notes
Turn   | Place    | Note
-------+----------+-------------------------------------------
     0 | D:1      | siradein the Demonspawn Fighter began the quest for the
                  | Orb.
     0 | D:1      | Reached XP level 1. HP: 18/18 MP: 1/1
   303 | D:1      | Gained mutation: You have a small tail. [demonic ancestry]
   303 | D:1      | Reached XP level 2. HP: 15/24 MP: 2/2
   578 | D:1      | Found a faded altar of an unknown god.
  1184 | D:2      | Gained mutation: A weak demonic guardian rushes to your
                  | aid. [demonic ancestry]
  1184 | D:2      | Reached XP level 3. HP: 29/29 MP: 3/3
  1330 | D:2      | Noticed Sigmund
  1347 | D:2      | Killed Sigmund
  1348 | D:2      | Reached skill level 4 in Fighting
  1348 | D:2      | Gained mutation: You are partially covered in molten
                  | scales. (AC +2) [demonic ancestry]
  1348 | D:2      | Reached XP level 4. HP: 7/37 MP: 4/4
  1348 | D:2      | Gained mutation: You regenerate a little health from kills.
                  | [demonic ancestry]
  1348 | D:2      | Reached XP level 5. HP: 8/42 MP: 5/5
  1353 | D:2      | HP: 2/42 [poisoned by Sigmund]
  1645 | D:2      | You fall into a shaft and drop 2 floors!
  1859 | D:3      | Reached XP level 6. HP: 39/48 MP: 6/6
  1922 | D:3      | Noticed Grinder
  3436 | D:4      | Found a stormy altar of Qazlal.
  3793 | D:5      | Entered Level 5 of the Dungeon
  3793 | D:5      | Noticed Duvessa
  3795 | D:5      | Noticed Dowan
  3812 | D:5      | Killed Duvessa
  3813 | D:5      | Reached XP level 7. HP: 41/55 MP: 7/7
  3983 | D:5      | Noticed a yak
  3983 | D:5      | Noticed a yak
  3983 | D:5      | Noticed a yak
  3983 | D:5      | Noticed a yak
  4043 | D:4      | Killed a yak
  4044 | D:4      | Reached skill level 5 in Fighting
  4196 | D:4      | Killed a yak
  4319 | D:4      | Killed a yak
  4320 | D:4      | Reached skill level 5 in Armour
  4320 | D:4      | Reached skill level 5 in Shields
  4320 | D:4      | Gained mutation: You are mostly covered in molten scales.
                  | (AC +3) [demonic ancestry]
  4320 | D:4      | Reached XP level 8. HP: 59/63 MP: 8/8
  4362 | D:5      | Killed Dowan
  4753 | D:3      | Paralysed by Grinder for 5 turns
  4761 | D:3      | Killed Grinder
  4912 | D:5      | Reached skill level 5 in Axes
  4947 | D:5      | Noticed a troll
  4954 | D:5      | Reached skill level 6 in Fighting
  5898 | D:6      | Found a sand-covered staircase.
  5904 | Ossuary  | Entered an ossuary
  6040 | Ossuary  | Gained mutation: You have a tail ending in a sharp stinger.
                  | [demonic ancestry]
  6040 | Ossuary  | Reached XP level 9. HP: 64/71 MP: 9/9
  6610 | D:6      | Found a hide-covered altar of Uskayaw.
  6701 | D:6      | Reached skill level 7 in Fighting
  8414 | D:7      | Found Anegurchu's Jewellery Emporium.
  8661 | D:7      | Found a staircase to the Ecumenical Temple.
  8677 | Temple   | Entered the Ecumenical Temple
  8703 | Temple   | Became a worshipper of Gozag Ym Sagoz the Greedy
  9056 | D:7      | Found a runed translucent door.
  9057 | D:7      | Noticed Crazy Yiuf
  9194 | D:7      | Identified the +6 mace "Dolotus" {drain, rElec Str-4 Int+3}
  9334 | D:7      | Reached XP level 10. HP: 72/80 MP: 10/10
  9662 | D:7      | Killed Crazy Yiuf
  9824 | D:8      | Reached skill level 8 in Fighting
  9992 | D:8      | Noticed Gastronok
 10005 | D:8      | Identified 2 scrolls of acquirement
 10388 | D:8      | Found a shadowy altar of Dithmenos.
 11208 | D:8      | Found a staircase to the Lair.
 11871 | D:9      | Found a broken altar of Ashenzari.
 12161 | D:9      | Found a burning altar of Makhleb.
 12609 | D:7      | Bought a +4 ring of slaying for 1014 gold pieces
 12684 | D:9      | Noticed a balrug
 12920 | D:9      | Reached skill level 9 in Fighting
 12961 | D:9      | Found a staircase to the Orcish Mines.
 13091 | D:9      | Found Linere's Self-Improvement Boutique.
 13307 | D:10     | Entered Level 10 of the Dungeon
 13528 | D:10     | Gained mutation: A demonic guardian rushes to your aid.
                  | [demonic ancestry]
 13528 | D:10     | Reached XP level 11. HP: 80/89 MP: 11/11
 13635 | D:10     | Found a basalt altar of Yredelemnul.
 13674 | D:10     | Noticed a two-headed ogre
 13681 | D:10     | Killed a two-headed ogre
 13814 | D:10     | Found a blossoming altar of Fedhas.
 14735 | D:11     | Identified the +1 ring mail of Owyam {-Tele rN+ Int+4
                  | Dex+4}
 15196 | Lair:1   | Entered Level 1 of the Lair of Beasts
 15197 | Lair:1   | Acquired a manual of Fighting
 15199 | Lair:1   | Acquired 697 gold pieces
 15203 | Lair:1   | Bought a +2 broad axe of freezing for 268 gold pieces
 15283 | Lair:1   | Reached skill level 10 in Fighting
 15966 | Lair:1   | Found a shimmering altar of Xom.
 15980 | Lair:1   | Noticed a six-headed hydra
 15994 | Lair:1   | Killed a six-headed hydra
 16230 | Lair:1   | Noticed an eight-headed hydra
 16252 | Lair:1   | Killed an eight-headed hydra
 16253 | Lair:1   | Reached skill level 11 in Fighting
 16253 | Lair:1   | Reached XP level 12. HP: 92/100 MP: 12/12
 16971 | Lair:2   | Reached skill level 10 in Shields
 17076 | Lair:2   | Reached skill level 10 in Armour
 17081 | Lair:2   | Reached skill level 12 in Fighting
 17185 | Lair:2   | Reached skill level 10 in Axes
 17346 | Lair:2   | Found an ancient bone altar of Kikubaaqudgha.
 17959 | Lair:3   | Noticed a catoblepas
 18350 | Lair:2   | Killed a catoblepas
 18499 | Lair:3   | Noticed a six-headed hydra
 18519 | Lair:3   | Killed a six-headed hydra
 18607 | Lair:3   | Found a staircase to the Snake Pit.
 18664 | Lair:3   | Reached skill level 13 in Fighting
 18719 | Lair:3   | Reached XP level 13. HP: 101/111 MP: 13/13
 19128 | Lair:3   | Found a staircase to the Swamp.
 19529 | Lair:3   | Identified the +1 whip of the Hills {vorpal, rElec Str+4
                  | Int+6 Stlth-}
 20307 | D:8      | Killed Gastronok
 20664 | Lair:4   | Identified the +0 leather armour of Ajioh {+Inv rF+ rC+}
 20676 | Lair:4   | Identified the +6 rapier of Action {vorpal, rF+}
 20754 | Lair:4   | Noticed ryw's ghost (journeyman HuBr)
 20757 | Lair:4   | Found a transporter.
 20762 | Lair:4   | Found a transporter.
 20843 | Lair:4   | Reached skill level 14 in Fighting
 21436 | Lair:4   | Bought a +1 pair of boots of stealth for 264 gold pieces
 21436 | Lair:4   | Bought a +3 plate armour of fire resistance for 720 gold
                  | pieces
 21704 | Lair:5   | Identified the +1 scale mail of Yredelemnul's Scorn {+Blink
                  | rPois rN++ Str-4}
 22610 | Lair:6   | Entered Level 6 of the Lair of Beasts
 22856 | Lair:6   | Reached skill level 15 in Fighting
 22913 | Lair:6   | Found a staircase to the Slime Pits.
 22913 | Lair:6   | Found a viscous altar of Jiyva.
 23361 | Lair:6   | Gained mutation: You regenerate health from kills. [demonic
                  | ancestry]
 23361 | Lair:6   | Reached XP level 14. HP: 107/123 MP: 14/14
 24421 | Lair:6   | Got the Handbook of Enchantment
 24553 | Lair:6   | Reached skill level 16 in Fighting
 24576 | Lair:6   | Found a corrupted altar of Lugonu.
 24576 | Lair:6   | Found a one-way gate to the infinite horrors of the Abyss.
 24582 | Lair:6   | Got the Tome of Vitriolic Cold
 25127 | D:12     | Noticed Josephine
 25142 | D:12     | Killed Josephine
 25311 | D:12     | Found a flagged portal.
 25439 | Bailey   | Entered a bailey
 26111 | D:12     | Found a runed translucent door.
 26594 | D:12     | Bought a shiny buckler for 300 gold pieces
 26594 | D:12     | Bought a runed helmet for 300 gold pieces
 26594 | D:12     | Bought a pair of runed boots for 300 gold pieces
 26594 | D:12     | Bought a transparent chain mail for 380 gold pieces
 26594 | D:12     | Identified the +0 chain mail of the Armoured One {rF- MP+9
                  | Int+8 SInv} (You bought it in a shop on level 12 of the
                  | Dungeon)
 26949 | D:13     | Identified the +3 scale mail of Blue Skies {Drain rCorr
                  | SInv}
 27137 | D:13     | Reached XP level 15. HP: 132/132 MP: 15/15
 27262 | D:13     | Found a gate to the Vaults.
 28184 | D:14     | Found Xelegret's Overcharged Wands.
 28615 | D:15     | Entered Level 15 of the Dungeon
 28934 | D:15     | Found an opulent altar of Gozag.
 29018 | D:15     | Reached skill level 1 in Evocations
 29301 | D:15     | Reached skill level 17 in Fighting
 29409 | D:15     | Found a staircase to the Depths.
 30041 | D:15     | Acquired the +8 mithril axe "Arga" {speed, Will+}
 30041 | D:15     | Found the +8 mithril axe "Arga" {speed, Will+}
 30046 | D:15     | Acquired a manual of Armour
 30171 | Orc:1    | Entered Level 1 of the Orcish Mines
 30177 | Orc:1    | Noticed Nergalle
 30200 | Orc:1    | Killed Nergalle
 30411 | Orc:2    | Entered Level 2 of the Orcish Mines
 30413 | Orc:2    | Noticed Azrael
 30445 | Orc:2    | Killed Azrael
 30499 | Orc:2    | Found a staircase to the Elven Halls.
 30690 | Orc:2    | Noticed Blork the orc
 30701 | Orc:2    | Killed Blork the orc
 30715 | Orc:2    | Noticed an orc warlord
 30719 | Orc:2    | Paralysed by an orc sorcerer for 7 turns
 30956 | Orc:1    | Killed an orc warlord
 31234 | Orc:2    | Found Ahacrit's Jewellery Shoppe.
 31246 | Orc:2    | Found Fim Xufa's General Store.
 31274 | Orc:2    | Bought a scroll of enchant armour for 90 gold pieces
 31274 | Orc:2    | Bought a scroll of identify for 24 gold pieces
 31274 | Orc:2    | Bought a scroll of enchant weapon for 90 gold pieces
 31274 | Orc:2    | Bought a scroll of identify for 24 gold pieces
 31302 | Orc:2    | Found Ynix's Antique Armour Shoppe.
 31311 | Orc:2    | Bought a pair of glowing gloves for 195 gold pieces
 31460 | Orc:2    | Found Vunor's Antique Weapon Shoppe.
 31577 | Orc:1    | Noticed an orc warlord
 31611 | Orc:1    | Killed an orc warlord
 31983 | Swamp:1  | Entered Level 1 of the Swamp
 31995 | Swamp:1  | Gained mutation: You have a sharp stinger which inflicts
                  | weakening toxins. [demonic ancestry]
 31995 | Swamp:1  | Reached XP level 16. HP: 131/141 MP: 16/16
 32000 | Swamp:1  | Identified the +6 scale mail of the Tuna {Str-5 Int+2 Dex+6
                  | Slay+3}
 32558 | Swamp:1  | Reached skill level 5 in Evocations
 33426 | Swamp:2  | Noticed Nikola
 33450 | Swamp:2  | HP: 4/142 [spore (34)]
 33460 | Swamp:2  | Killed from afar by Nikola

Illustrated notes

Levels and vault maps discovered:
D:1:      dpeg_arrival_castle, layout_basic,
          dreamdust_ecumenical_altar_angels_and_demons, serial_bayou_lagoon_a
D:2:      layout_basic, uniq_sigmund
D:3:      layout_rooms, hangedman_decor_clover_reticule, uniq_grinder
D:4:      layout_rooms, mainiacjoe_overflow_cross_hatched, grunt_ministairs_6
D:5:      layout_basic, uniq_duvessa
D:6:      minmay_spotlight, layout_rooms, nicolae_uskayaw_dance_studio,
          elyvilon_altar_3, enter_ossuary_1, columned_hall_lemuel
D:7:      layout_basic, minmay_temple_entry_purple_smoke, serial_shops, shop,
          uniq_crazy_yiuf_cottage
D:8:      layout_basic, nicolae_overflow_crystal_walls, erik_lair_dragon,
          uniq_gastronok
D:9:      layout_layer_cave, nicolae_ashenzari_skybound,
          makhleb_altar_promises_db, david_orc_2, nicolae_shop_self_help
D:10:     layout_irregular_city, mainiacjoe_overflow_alcove_4,
          mainiacjoe_overflow_alcove_1
D:11:     layout_irregular_city
D:12:     minmay_the_grid_four_pointed_star
          [minmay_the_grid_triangle_9x9_intruding_spiral,
          minmay_the_grid_triangle_9x9_odd_lines,
          minmay_the_grid_triangle_9x9_subtriangle,
          minmay_the_grid_triangle_9x9_empty, minmay_the_grid_prize_big_room],
          layout_irregular_city, enter_bailey_3, portal_ice_cave_demonic_guard,
          uniq_josephine
D:13:     layout_cave_pools, david_vaults_4
D:14:     layout_basic, serial_bayou_pond_a, nicolae_shop_overcharged_wands
D:15:     grunt_enter_depths_hoard, layout_stronghold, grunt_gozag_breadcrumbs
Temple:   eino_temple_lava
Lair:1:   layout_cellular_growth, basic_altar, grunt_forest_large_clearing_hut
Lair:2:   layout_misc_corridors, basic_altar, evilmike_ambush
          [evilmike_ambush_outer_basic, evilmike_ambush_inner_cross]
Lair:3:   layout_chaotic_city, minmay_swamp_entry_eels,
          minmay_snake_entry_guardpost_small, infiniplex_staircase_pool
Lair:4:   layout_roguey, gammafunk_ghost_hive, grunt_megastairs_5
Lair:5:   layout_misc_corridors, serial_bayou_ford_a, lemuel_fruit_fields
Lair:6:   hellmonk_lair_end_abyssal_woods, layout_layer_cave, slime_altar_1,
          chequers_serial_rivers_small_a
Swamp:1:  layout_basic_swamp, evilmike_swamp_ruin_house_3, swamp_pool3,
          infiniplex_staircase_pool_2
Swamp:2:  nicolae_swamp_husk_halls, layout_falls_marsh,
          evilmike_swamp_ruin_house_4, uniq_nikola, uniq_mlioglotl
Orc:1:    layout_caves, uniq_nergalle
Orc:2:    grunt_orc_cross, layout_caves, uniq_azrael

Skill      XL: |  1  2  3  4  5  6  7  8  9 10 11 12 13 14 15 16 |
---------------+-------------------------------------------------+-----
Axes           | 2 3 4 5 6 8 9 10 11 12 13 | 13.9
Armour         | 3 4 5 7 8 9 10 11 12 14 | 14.5
Shields        | 3 4 5 6 7 8 9 10 11 12 13 | 13.9
Fighting       | 4 5 6 7 9 11 13 15 16 17 | 17.6
Evocations     | 4 5 |  5.3

Action                   |  1- 3 |  4- 6 |  7- 9 | 10-12 | 13-15 | 16-18 || total
-------------------------+-------+-------+-------+-------+-------+-------++-------
Melee: War axe           |    82 |   155 |   486 |    51 |       |       ||   774
       Tailslap          |     7 |    18 |    69 |   104 |   214 |    31 ||   443
       Mace              |       |       |    31 |   371 |    63 |    21 ||   486
       Broad axe         |       |       |       |   242 |   952 |   168 ||  1362
       Whip              |       |       |       |       |    13 |       ||    13
Throw: Dart              |       |       |       |    14 |     9 |       ||    23
Invok: Call Merchant     |       |       |       |     1 |     3 |       ||     4
  Use: Potion            |     1 |       |       |       |       |       ||     1
       Scroll            |       |       |     5 |     9 |    25 |     3 ||    42
 Stab: Distracted        |       |       |       |     5 |    10 |       ||    15
       Petrified         |       |       |       |       |     4 |       ||     4
Armor: Scale mail        |    10 |       |       |       |       |       ||    10
       Chain mail        |    24 |    74 |   258 |   160 |       |       ||   516
       Plate armour      |       |       |       |   253 |   657 |   103 ||  1013
Dodge: Dodged            |    27 |    41 |   178 |   171 |   235 |    25 ||   677
Block: Buckler           |    39 |    67 |   247 |   440 |   602 |   116 ||  1511
       Reflection        |       |       |     5 |     9 |    41 |       ||    55

Table legend: (Time is in decaauts)
 A = Elapsed time spent in this place.
 B = Non-inter-level travel time spent in this place.
 C = Inter-level travel time spent in this place.
 D = Time resting spent in this place.
 E = Time spent auto-exploring this place.
 F = Levels seen in this place.
 G = Mean time per level.
                   A        B        C        D        E       F      G
               +--------+--------+--------+--------+--------+-----+--------+
         Total |  33790 |  31613 |   2177 |   3647 |  19711 |  28 | 1206.8 |
       Dungeon |  21051 |  19524 |   1527 |   2675 |  11366 |  15 | 1403.4 |
        Temple |     35 |     35 |      0 |      0 |      0 |   1 |   35.0 |
          Lair |   9344 |   8789 |    555 |    584 |   6521 |   6 | 1557.3 |
         Swamp |   1019 |    976 |     43 |      0 |    694 |   2 |  509.5 |
  Orcish Mines |   1605 |   1554 |     51 |    388 |    810 |   2 |  802.5 |
       Ossuary |    335 |    335 |      0 |      0 |    154 |   1 |  335.0 |
        Bailey |    397 |    397 |      0 |      0 |    165 |   1 |  397.0 |
               +--------+--------+--------+--------+--------+-----+--------+

Top non-repeatable levels by time:
     D:8: 2677 daAuts
  Lair:6: 2293 daAuts
     D:7: 2292 daAuts
     D:5: 2038 daAuts
  Lair:1: 1845 daAuts
     D:9: 1729 daAuts
     D:4: 1573 daAuts
  Lair:2: 1561 daAuts
    D:15: 1537 daAuts
    D:12: 1497 daAuts
  Lair:3: 1496 daAuts
    D:14: 1233 daAuts
    D:10: 1173 daAuts
     D:1: 1153 daAuts
  Lair:5: 1149 daAuts
